 Dungeon Crawl Stone Soup version 0.28-a0-317-g21599a725c (webtiles) character file.

Game seed: 1138312806323178919

861 AarnesTheHuman the Frost Mage (level 8, -2/56 (62) HPs)
             Began as a Barachi Ice Elementalist on Sept 1, 2021.
             Slain by an ice beast (5 damage)
             ... on level 6 of the Dungeon.
             The game lasted 00:15:29 (6929 turns).

AarnesTheHuman the Frost Mage (BaIE)                Turns: 6929, Time: 00:15:30

HP:   -2/56 (62)    AC:  7    Str: 10    XL:     8   Next: 2%
MP:   15/15         EV: 11    Int: 18    God:
Gold: 301           SH:  0    Dex: 12    Spells: 5/16 levels left

rFire   x . .      SeeInvis .   b - +0 dagger (vorpal)
rCold   + . .      Faith    .   (no shield)
rNeg    . . .      Spirit   .   t - +0 leather armour
rPois   +          Reflect  .   (no helmet)
rElec   .          Harm     .   j - +0 cloak
rCorr   .          Rampage  .   w - +2 pair of gloves
Will    .....                   (no boots)
Stlth   ++........              (no amulet)
HPRegen 0.18/turn               h - ring of ice
MPRegen 0.14/turn               i - ring of poison resistance

@: unable to hop, drained, slow
A: amphibious, slowness 1, strong legs 1, +LOS
a: Hop


You were on level 6 of the Dungeon.
You visited 1 branch of the dungeon, and saw 6 of its levels.

You collected 301 gold pieces.

Inventory:

Hand Weapons
 a - a +0 hunting sling
 b - a +0 vorpal dagger (weapon)
 q - a +0 long sword
Missiles
 o - 202 stones (quivered)
 s - 7 atropa-tipped darts
Armour
 j - a +0 cloak (worn)
 n - a +0 robe
 t - a +0 leather armour (worn)
 w - a +2 pair of gloves (worn)
Jewellery
 h - a ring of ice (left hand)
 i - a ring of poison resistance (right hand)
 k - a ring of positive energy
 p - an amulet of faith
 u - a ring of willpower
Wands
 x - a wand of paralysis (7)
Scrolls
 f - 2 scrolls of enchant armour
Potions
 c - 2 potions of ambrosia
 d - 3 potions of heal wounds
 e - a potion of flight {unknown}
 g - a potion of attraction
 l - a potion of cancellation {unknown}
 r - a potion of haste
 v - a potion of curing {unknown}


   Skills:
 + Level 5.0 Fighting
 - Level 2.1 Dodging
 - Level 1.7 Stealth
 + Level 4.8 Spellcasting
 + Level 1.2 Conjurations
 + Level 8.7 Ice Magic


You had 5 spell levels left.
You knew the following spells:

 Your Spells              Type           Power      Damage    Failure   Level
a - Freeze                Ice            100%       1d11      1%          1
b - Frozen Ramparts       Ice            100%       1d12      1%          3
c - Ozocubu's Armour      Ice            52%        N/A       1%          3
d - Hailstorm             Conj/Ice       33%        3d8       24%         4

Your spell library contained the following spells:

 Spells                   Type           Power      Damage    Failure   Level
 Stone Arrow              Conj/Erth      12%        3d7       38%         3
 Irradiate                Conj/Tmut      3%         3d14      98%         5
 Blade Hands              Tmut           2%         N/A       99%         5
 Bolt of Magma            Conj/Fire/Erth 2%         4d4       99%         5
 Dragon Form              Tmut           2%         N/A       100%        7
 Shatter                  Erth           2%         3d6*      100%        9


Dungeon Overview and Level Annotations

Branches:
Dungeon (6/15)
 Temple: D:4-7

Altars:
Ru

Shops:
D:3 ::   D:4 =

Annotations:
D:5 exclusion: steam dragon
D:6 exclusion: 2 wights, Menkaure


Innate Abilities, Weirdness & Mutations

You are amphibious.
You cover ground slowly.
You can hop short distances.
You have an extended range of vision and can be seen from far away.


Message History

You feel strangely unstable. The wight hits you with a +0 hand axe.
* * * LOW HITPOINT WARNING * * *
You feel drained.
* * * LOW HITPOINT WARNING * * *
Hop to where?
Press: ? - help, Dir - move target, p - wight 3 wights and Menkaure come into view.
A wight is wielding a +2 mace of freezing.
Boing!
Menkaure shouts!
You hear a shout! x2
A gnoll comes into view. It is wielding a +0 halberd.
The gnoll shouts!
You hit the wight.
The wight is severely damaged.
Your surroundings suddenly seem different.
An adder and an ice beast come into view.
You're wearing all the rings you can.
Remove which one? (? for menu, Esc to cancel) < or
u - a ring of willpower; > or
i - a ring of poison resistance You remove your ring of willpower.
You feel more attuned to ice.
h - a ring of ice (left hand)
The ice beast hits you but does no damage.
You hit the ice beast but do no damage.
The ice beast hits you but does no damage.
You closely miss the ice beast.
The ice beast hits you but does no damage.
You hit the ice beast.
The ice beast is lightly wounded.
The adder hisses angrily.
The ice beast hits you.
* * * LOW HITPOINT WARNING * * *
The ice beast freezes you. You resist.
* * * LOW HITPOINT WARNING * * *
You hit the ice beast but do no damage.
The ice beast is lightly wounded.
The ice beast hits you.
* * * LOW HITPOINT WARNING * * *
The ice beast freezes you. You resist.
You die... ≈≈#...# ##.# #. ##.##### g..zz.zM

#.## ##.#####
###....########
........S...Y.#
####...######@#
### #.# #..
.... #####


You could see an ice beast and an adder.

Vanquished Creatures
  A black bear (D:5)
  A necrophage (D:6)
  2 ogres (D:5)
  A centaur (D:5)
  A bullfrog zombie (D:5)
  An orc priest (D:3)
  A jelly (D:6)
  A hound (D:5)
  A centaur skeleton (D:4)
  Terence (D:2)
  An iguana (D:6)
  2 orc wizards
  A killer bee zombie (D:6)
  A howler monkey zombie (D:5)
  3 gnolls (D:4)
  2 adders
  A shadow imp (D:4)
  An ufetubus (D:4)
  An adder skeleton (D:4)
  4 dart slugs
  8 orcs (D:3)
  6 bats
  6 endoplasms
  3 giant cockroaches
  4 goblins
  7 hobgoblins
  2 quokkas
  9 ball pythons
  4 frilled lizards
  6 kobolds
  7 rats
90 creatures vanquished.

Notes
Turn   | Place    | Note
-------+----------+-------------------------------------------
     0 | D:1      | AarnesTheHuman the Barachi Ice Elementalist began the quest
                  | for the Orb.
     0 | D:1      | Reached XP level 1. HP: 13/13 MP: 3/3
    30 | D:1      | Reached skill level 5 in Ice Magic
   195 | D:1      | Reached XP level 2. HP: 20/20 MP: 3/5
   371 | D:1      | Reached skill level 1 in Fighting
   939 | D:1      | Reached XP level 3. HP: 25/26 MP: 6/6
   988 | D:1      | Found a faded altar of an unknown god.
  2010 | D:2      | Noticed Terence
  2188 | D:2      | Killed Terence
  2189 | D:2      | Reached XP level 4. HP: 21/33 MP: 0/8
  2717 | D:3      | Reached skill level 6 in Ice Magic
  2943 | D:3      | Reached XP level 5. HP: 25/39 MP: 3/9
  3100 | D:3      | Found Huank's Book Shoppe.
  3215 | D:3      | Found Widgholil's Book Emporium.
  3687 | D:4      | Learned a level 3 spell: Frozen Ramparts
  3691 | D:4      | Learned a level 3 spell: Ozocubu's Armour
  4167 | D:4      | Found Waiha's Jewellery Emporium.
  4610 | D:4      | Reached XP level 6. HP: 34/47 MP: 11/11
  4747 | D:5      | Entered Level 5 of the Dungeon
  4775 | D:4      | Reached skill level 7 in Ice Magic
  5287 | D:5      | Noticed a black bear
  5378 | D:5      | Killed a black bear
  5379 | D:5      | Reached XP level 7. HP: 37/53 MP: 5/13
  5563 | D:5      | Found a sacrificial altar of Ru.
  5613 | D:5      | Reached skill level 8 in Ice Magic
  5887 | D:5      | Noticed a steam dragon
  6560 | D:6      | Learned a level 4 spell: Hailstorm
  6729 | D:6      | Reached skill level 1 in Conjurations
  6854 | D:6      | Reached skill level 5 in Fighting
  6854 | D:6      | Reached XP level 8. HP: 57/62 MP: 10/15
  6915 | D:6      | Noticed Menkaure
  6929 | D:6      | Slain by an ice beast

Illustrated notes

Levels and vault maps discovered:
D:1:      dpeg_arrival_pits, layout_loops_ring,
          shapermc_ecumenical_altar_totnotflames, st_stairs_14,
          minmay_pentomino_t2
D:2:      layout_basic, serial_rivers, chequers_serial_rivers_room_b,
          chequers_serial_rivers_small_a, chequers_serial_rivers_small_3,
          chequers_serial_rivers_large_a, uniq_terence
D:3:      layout_basic, serial_shops, nicolae_shop_waterfront,
          nicolae_shop_competitors_out_of_business
D:4:      layout_loops_corners, serial_shops, shop_fountains,
          serial_bayou_pond_c
D:5:      layout_rooms, nicolae_ru_sacrificial_ziggurat, kennysheep_nondescript,
          hex_intersection
D:6:      layout_loops_ring, grunt_temple_overflow_holy_war,
          chequers_temple_overflow_minitemple, amethyst_killhole,
          corner_web_ring, minmay_liquid_box, minmay_misc_feat_rugged,
          st_stairs_9, uniq_menkaure

Skill      XL: |  1  2  3  4  5  6  7 |
---------------+----------------------+-----
Ice Magic      | 5 6 7 8 |  8.7
Fighting       | 1 2 3 5 |  5.0
Spellcasting   | 3 4 |  4.8
Conjurations   | 1 |  1.2
Dodging        | |  2.1
Stealth        | |  1.7

Action                   |  1- 3 |  4- 6 |  7- 9 || total
-------------------------+-------+-------+-------++-------
Melee: Unarmed           |     5 |       |       ||     5
       Dagger            |    48 |    88 |    92 ||   228
 Fire: Hunting sling     |       |    11 |       ||    11
 Cast: Freeze            |    51 |    42 |     9 ||   102
       Frozen Ramparts   |       |     3 |     4 ||     7
       Ozocubu's Armour  |       |     2 |     3 ||     5
 Abil: Hop               |       |       |     1 ||     1
  Use: Scroll            |       |    13 |     2 ||    15
 Stab: Sleeping          |     3 |     2 |     1 ||     6
Armor: Robe              |    18 |     1 |       ||    19
       Leather armour    |       |    48 |    30 ||    78
Dodge: Dodged            |    55 |    79 |    48 ||   182

Table legend: (Time is in decaauts)
 A = Elapsed time spent in this place.
 B = Non-inter-level travel time spent in this place.
 C = Inter-level travel time spent in this place.
 D = Time resting spent in this place.
 E = Time spent auto-exploring this place.
 F = Levels seen in this place.
 G = Mean time per level.
                   A        B        C        D        E       F      G
               +--------+--------+--------+--------+--------+-----+--------+
         Total |   7629 |   7243 |    386 |   1468 |   4642 |   6 | 1271.5 |
       Dungeon |   7629 |   7243 |    386 |   1468 |   4642 |   6 | 1271.5 |
               +--------+--------+--------+--------+--------+-----+--------+

Top non-repeatable levels by time:
     D:1: 1807 daAuts
     D:4: 1678 daAuts
     D:3: 1187 daAuts
     D:2: 1093 daAuts
     D:5: 1070 daAuts
     D:6: 791 daAuts
